 Dungeon Crawl Stone Soup version 0.31.0-32-g396128a36d (webtiles) character file.

Game seed: 11793739373709683785

1682 LiturgyOfTheLich the Trooper (level 8, -2/65 HPs)
             Began as a Demonspawn Shapeshifter on Mar 30, 2024.
             Was an Initiate of Gozag.
             Killed from afar by an electric eel (12 damage)
             ... with a bolt of electricity
             ... on level 6 of the Dungeon.
             The game lasted 00:08:53 (5766 turns).

LiturgyOfTheLich the Trooper (DsSh)                 Turns: 5766, Time: 00:08:53

Health: -2/65      AC:  9    Str: 14    XL:     8   Next: 71%
Magic:  11/11      EV: 13    Int: 11    God:    Gozag
Gold:   399        SH:  0    Dex: 15    Spells: 11/11 levels left

rFire   . .          .
                       - Unarmed
rCold   . . .        (no shield)
rNeg    + . .        f - +3 leather armour
rPois   .            (helmet currently unavailable)
rElec   .            (cloak currently unavailable)
rCorr   +            (gloves currently unavailable)
SInv    .            (boots currently unavailable)
Will    .....        (no amulet)
Stlth   +            R - ring of resist corrosion
HPRegen 0.30/turn    N - ring of positive energy
MPRegen 0.12/turn

%: no passive effects
@: beast-form, gold aura, very slow
A: beast (slay +2), yellow scales 2, spiny 2
a: Begin Untransformation, Renounce Religion, Potion Petition, Call Merchant,
Bribe Branch


You were on level 6 of the Dungeon.
You worshipped Gozag.
Gozag was aware of your devotion.
You were a hulking beast.
You visited 2 branches of the dungeon, and saw 7 of its levels.
You also visited: Sewer.

You collected 495 gold pieces.
You paid 96 gold pieces to Gozag.


Innate Abilities, Weirdness & Mutations

You are a hulking beast.
Your limbs bulge with bestial killing power. (Slay +2)
You are mostly covered in yellow scales. (AC +3)
You are mostly covered in sharp spines.


   Skills:
 + Level 6.3 Fighting
 + Level 3.5 Armour
 - Level 4.0 Dodging
 + Level 3.6 Stealth
 - Level 3.0 Unarmed Combat
 - Level 2.0 Spellcasting
 + Level 3.5 Evocations
 - Level 4.0 Shapeshifting


You had 11 spell levels left.
You didn't know any spells.
Your spell library contained the following spells:

 Spells                   Type           Power      Damage    Failure   Level
 Slow                     Hex            4%         N/A       34%         1
 Ensorcelled Hibernation  Hex/Ice        2%         N/A       47%         2
 Confusing Touch          Hex            1%         N/A       71%         3
 Sigil of Binding         Hex            1%         N/A       71%         3
 Vampiric Draining        Necr           1%         2d6       71%         3

Inventory:

Missiles
 u - 10 poisoned darts (quivered)
 w - a curare-tipped dart {=f}
Armour
 a - a +0 animal skin
 f - a +3 leather armour (worn)
 m - a +2 robe of willpower
 o - a +0 helmet
 y - a scarf of harm
Jewellery
 N - a ring of positive energy (right hand)
 R - a ring of resist corrosion (left hand)
Talismans
 c - a beast talisman
 d - a flux talisman
Wands
 b - a wand of flame (18)
 A - a wand of mindburst (14)
Scrolls
 g - a scroll of immolation {unknown}
 i - a scroll of teleportation {unknown}
 p - a scroll of poison {unknown}
 q - a scroll of torment {unknown}
 r - a scroll of enchant weapon {unknown}
 v - a scroll of summoning {unknown}
 x - a scroll of fog {unknown}
 B - 2 scrolls of amnesia {unknown}
 C - a scroll of brand weapon {unknown}
Potions
 e - 2 potions of cancellation
 h - a potion of degeneration
 j - 3 potions of curing {@q1}
 k - 2 potions of invisibility
 l - 2 potions of heal wounds {@q2}
 n - 2 potions of attraction
 s - 2 potions of haste {@q3}
 t - 2 potions of might {unknown}
 z - a potion of brilliance {unknown}
 D - a potion of lignification

Dungeon Overview and Level Annotations

Branches:
Dungeon (6/15)             Temple (1/1) D:5           Sewer (visited)

Altars:
Ashenzari
Cheibriados
Dithmenos
Fedhas
Gozag
Kikubaaqudgha
Makhleb
Nemelex Xobeh
Okawaru
Qazlal
Ru
Sif Muna
Vehumet
Wu Jian
Xom

Shops:
D:1

( ≈~≈♣♣♣≈~..... ≈≈≈≈.≈≈
≈~≈≈≈≈≈~..... ..~.~.
~~.~~.~..... ≈≈.≈≈
≈≈≈≈≈~...## ≈~ ♣≈.≈♣
.≈♣♣♣≈~...# ≈~≈ ♣≈~≈♣
≈~≈♣ ♣≈~...#
≈~≈♣♣♣≈.≈♣♣♣≈.≈♣♣♣≈.#####
≈~≈S≈≈≈.≈§S≈≈~≈≈≈≈≈~.....
..~..~~.h...~~~.~...#####
≈~≈≈≈≈≈$≈≈≈≈≈.≈≈≈≈≈.##...
≈~≈♣♣♣≈.≈♣♣♣≈~≈♣♣♣≈.##.#.
♣≈.≈♣ ♣≈~≈♣ ♣≈.##.#.
≈.≈♣♣♣≈.≈♣♣♣≈.≈♣♣♣≈....#.
≈~≈≈≈≈≈~≈≈≈≈≈~≈≈≈≈≈~#..#.
..~.~~~.~~..~...~.~.##.#.
≈~≈≈≈≈≈S≈≈≈≈≈~≈≈≈≈≈.##.#.
≈~≈♣♣♣≈~≈♣♣♣≈.≈♣♣♣≈~##.#.


You could see 3 electric eels.


Message History

You are too injured to fight recklessly!
You are too injured to fight recklessly!
You are too injured to fight recklessly!
You are too injured to fight recklessly!
You are too injured to fight recklessly!
You are too injured to fight recklessly!
You are too injured to fight recklessly!
You are too injured to fight recklessly!
You are too injured to fight recklessly!
You are too injured to fight recklessly!
You are too injured to fight recklessly!
You are too injured to fight recklessly!
You are too injured to fight recklessly!
You are too injured to fight recklessly!
You are too injured to fight recklessly!
You are too injured to fight recklessly!
You are too injured to fight recklessly!
Unknown command.
Aiming: Throw Flame
Press: ? - help, Shift-Dir - straight line, f - electric eel
Aim: an electric eel (water, 53% to hit)
The puff of flame misses the electric eel.
The electric eel shoots out a bolt of lightning at you!
The bolt of electricity hits you!
* * * LOW HITPOINT WARNING * * *
The electric eel is engulfed in a cloud of scalding steam.
The electric eel shoots out a bolt of lightning at you!
The bolt of electricity hits you!
You die...
Your body crumbles into a pile of gold.

Skill      XL: |  1  2  3  4  5  6  7  8 |
---------------+-------------------------+-----
Fighting       | 2 3 4 6 |  6.3
Stealth        | 1 2 3 |  3.6
Dodging        | 2 3 4 |  4.0
Shapeshifting  | 3 4 |  4.0
Evocations     | 3 |  3.5
Unarmed Combat | 3 |  3.0
Spellcasting   | 2 |  2.0
Armour         | 3 |  3.5

Action                     |  1- 3 |  4- 6 |  7- 9 || total
---------------------------+-------+-------+-------++-------
  Melee: Unarmed           |    79 |   174 |   142 ||   395
         Punch             |     3 |     4 |     4 ||    11
  Evoke: Wand              |       |       |     1 ||     1
    Use: Potion            |     1 |     4 |       ||     5
         Scroll            |       |       |     3 ||     3
   Stab: Sleeping          |     2 |     5 |     4 ||    11
 Armour: Animal skin       |    15 |       |       ||    15
         Leather armour    |    16 |    75 |    61 ||   152
         Skin              |     7 |     3 |       ||    10
  Dodge: Dodged            |    28 |    86 |    82 ||   196

Levels and vault maps discovered:
D:1:      amcnicky_arrival_abandoned_market, layout_basic,
          shapermc_ecumenical_altar_flowoftime, serial_shops,
          nicolae_shop_hallway_plus
D:2:      layout_loops_cross, basic_altar, chequers_serial_rivers_micro_b,
          minmay_misc_feat_ornament, hangedman_decor_riveting, st_stairs_10,
          kennysheep_jessica_study
D:3:      layout_rooms, nicolae_sif_muna_condensation, zin_treasury
D:4:      layout_basic, grunt_temple_overflow_opulence,
          nicolae_dithmenos_through_a_glass_darkly, portal_sewer_entry_b
D:5:      minmay_skewed_foursquare, layout_loops_ring,
          mainiacjoe_overflow_alcove_1, minmay_temple_entry_enclosed_plants
D:6:      layout_basic, kennysheep_boxes
Temple:   minmay_temple_curvy_loop

Notes
Turn   | Place    | Note
-------+----------+-------------------------------------------
     0 | D:1      | LiturgyOfTheLich the Demonspawn Shapeshifter began the
                  | quest for the Orb.
     0 | D:1      | Reached XP level 1. HP: 15/15 MP: 1/1
    59 | D:1      | Reached skill level 2 in Fighting
    61 | D:1      | Gained mutation: You are partially covered in sharp spines.
                  | [demonic ancestry]
    61 | D:1      | Reached XP level 2. HP: 7/22 MP: 2/2
   278 | D:1      | Found Gygriw's Weapon Shop.
   423 | D:1      | Found a faded altar of an unknown god.
   676 | D:1      | Reached skill level 3 in Fighting
  1129 | D:2      | Reached XP level 3. HP: 29/29 MP: 3/3
  1307 | D:2      | Reached skill level 1 in Stealth
  1632 | D:2      | Noticed Jessica
  1652 | D:2      | Killed Jessica
  1653 | D:2      | Gained mutation: You are partially covered in yellow
                  | scales. (AC +2) [demonic ancestry]
  1653 | D:2      | Reached XP level 4. HP: 13/37 MP: 4/4
  1793 | D:2      | Got Jessica's Exposition on Ill Luck
  1948 | D:3      | Reached skill level 2 in Stealth
  2004 | D:3      | Reached skill level 4 in Fighting
  2248 | D:3      | Reached skill level 2 in Dodging
  2508 | D:3      | Found a shimmering blue altar of Sif Muna.
  2521 | D:3      | Reached XP level 5. HP: 30/42 MP: 5/5
  2745 | D:4      | Found a glowing drain.
  2769 | Sewer    | Entered a sewer
  2959 | Sewer    | Reached skill level 3 in Dodging
  3014 | Sewer    | Reached skill level 3 in Shapeshifting
  3129 | Sewer    | HP: 4/42 [kobold brigand/+0 whip (3)]
  3131 | Sewer    | Gained mutation: You are mostly covered in sharp spines.
                  | [demonic ancestry]
  3131 | Sewer    | Reached XP level 6. HP: 5/48 MP: 6/6
  3330 | Sewer    | HP: 4/48 [poisoned by a kobold brigand (curare-tipped
                  | dart)]
  3331 | Sewer    | HP: 1/48 [poisoned by a kobold brigand (curare-tipped
                  | dart)]
  3334 | Sewer    | Reached skill level 4 in Dodging
  3334 | Sewer    | Reached skill level 1 in Evocations
  3647 | D:4      | Reached skill level 2 in Evocations
  3674 | D:4      | Found an opulent altar of Gozag.
  3674 | D:4      | Found a sparkling altar of Nemelex Xobeh.
  3685 | D:4      | Reached skill level 3 in Evocations
  3880 | D:4      | Reached XP level 7. HP: 22/55 MP: 7/7
  4115 | D:4      | Reached skill level 5 in Fighting
  4233 | D:4      | Found a shadowy altar of Dithmenos.
  4406 | D:5      | Entered Level 5 of the Dungeon
  4480 | D:5      | Reached skill level 3 in Unarmed Combat
  4603 | D:5      | Found a staircase to the Ecumenical Temple.
  4615 | Temple   | Entered the Ecumenical Temple
  4695 | D:4      | Became a worshipper of Gozag Ym Sagoz the Greedy
  4869 | D:5      | Reached skill level 6 in Fighting
  4869 | D:5      | Reached skill level 4 in Shapeshifting
  4889 | D:5      | Found a broken altar of Ashenzari.
  4953 | D:5      | Gained mutation: You are mostly covered in yellow scales.
                  | (AC +3) [demonic ancestry]
  4953 | D:5      | Reached XP level 8. HP: 64/64 MP: 8/8
  5006 | D:5      | Reached skill level 3 in Stealth
  5006 | D:5      | Reached skill level 1 in Spellcasting
  5099 | D:5      | Reached skill level 2 in Spellcasting
  5099 | D:5      | Reached skill level 1 in Armour
  5180 | D:5      | Reached skill level 2 in Armour
  5457 | D:6      | Reached skill level 3 in Armour
  5766 | D:6      | Killed from afar by an electric eel

Vanquished Creatures
  A water moccasin (D:6)
  A black bear (D:4)
  4 ogres
  A centaur (D:6)
  2 phantoms
  2 kobold brigands (Sewer)
  A bullfrog (D:6)
  A scorpion (D:5)
  A howler monkey (D:5)
  A bombardier beetle (D:5)
  8 hounds
  A jelly (D:5)
  Jessica (D:2)
  An orc wizard (D:3)
  An iguana (D:5)
  9 adders
  4 river rats
  2 ufetubi (D:5)
  4 ribbon worms
  2 dart slugs
  18 orcs
  13 ball pythons
  6 bats
  8 endoplasms
  7 giant cockroaches
  3 goblins
  3 hobgoblins
  8 jackals
  4 quokkas
  A frilled lizard (D:2)
  10 kobolds
  9 rats
138 creatures vanquished.

Table legend: (Time is in decaauts)
 A = Elapsed time spent in this place.
 B = Non-inter-level travel time spent in this place.
 C = Inter-level travel time spent in this place.
 D = Time resting spent in this place.
 E = Time spent auto-exploring this place.
 F = Levels seen in this place.
 G = Mean time per level.
                   A        B        C        D        E       F      G
               +--------+--------+--------+--------+--------+-----+--------+
         Total |   5853 |   5407 |    446 |    569 |   3836 |   8 |  731.6 |
       Dungeon |   4970 |   4525 |    445 |    424 |   3331 |   6 |  828.3 |
        Temple |      1 |      0 |      1 |      0 |      0 |   1 |    1.0 |
         Sewer |    881 |    881 |      0 |    145 |    504 |   1 |  881.0 |
               +--------+--------+--------+--------+--------+-----+--------+

Top non-repeatable levels by time:
     D:1: 1065 daAuts
     D:4: 1019 daAuts
     D:5: 905 daAuts
   Sewer: 881 daAuts
     D:3: 829 daAuts
     D:2: 803 daAuts
     D:6: 346 daAuts
  Temple: 1 daAuts

Table legend:
 A = Non-vault XP
 B = Vault XP
 C = Vault XP percentage of total XP
 D = Non-vault monster count
 E = Vault monster count
 F = Vault count percentage of total count
                 A         B        C        D         E       F
            +---------+---------+-------+---------+---------+-------
      Total |    1785 |     619 |  25.7 |     102 |      36 |  26.1
            +---------+---------+-------+---------+---------+-------
        D:1 |      40 |       0 |   0.0 |      21 |       0 |   0.0
        D:2 |      43 |      54 |  55.7 |      15 |       5 |  25.0
        D:3 |      97 |       0 |   0.0 |      19 |       0 |   0.0
        D:4 |     341 |      18 |   5.0 |      21 |       4 |  16.0
        D:5 |     730 |     278 |  27.6 |      20 |       5 |  20.0
        D:6 |     534 |       0 |   0.0 |       6 |       0 |   0.0
      Sewer |       0 |     269 | 100.0 |       0 |      22 | 100.0
            +---------+---------+-------+---------+---------+-------
